 Dungeon Crawl Stone Soup version 0.24-a0-446-g87df7205b4 (webtiles) character file.

Game seed: 207032206105452035

373621 Peloso the Hoplite (level 21, -5/203 HPs)
             Began as a Minotaur Fighter on June 23, 2019.
             Was the Champion of Okawaru.
             Slain by a tengu reaver
             ... wielding a +4 long sword of holy wrath
             ... led by Sojobo
              (19 damage)
             ... on level 4 of the Vaults.
             The game lasted 03:39:42 (69816 turns).

Peloso the Hoplite (Minotaur Fighter)              Turns: 69816, Time: 03:39:43

Health: -5/203     AC: 40    Str: 38    XL:     21   Next: 74%
Magic:  23/23      EV: 14    Int:  5    God:    Okawaru [******]
Gold:   1571       SH: 16    Dex: 13    Spells: 20/20 levels left

rFire    + . .     SeeInvis +   a - +6 scimitar of Quuphify {venom, rC- rN++ Str+3 Stlth+}
rCold    + . .     Gourm    .   c - +1 buckler {reflect}
rNeg     + + +     Faith    .   E - +1 crystal plate armour
rPois    +         Spirit   .   z - +0 mask of the Dragon {MR+ Slay+3 SInv}
rElec    .         Reflect  +   y - scarf {rC+ rF+}
rCorr    .         Harm     .   M - +2 pair of gloves {Str+3}
MR       +++..                  N - +2 pair of boots
Stlth    ..........             e - +4 amulet of reflection
HPRegen  0.43/turn              B - ring of Muuh {rPois rN+ Str+4 SInv}
MPRegen  0.18/turn              F - ring of Atheism {rC+ MR+ Slay+4}

@: heroism
A: retaliatory headbutt, horns 2
}: 2/15 runes: barnacled, gossamer
a: Heroism, Finesse, Renounce Religion


You were on level 4 of the Vaults.
You worshipped Okawaru.
Okawaru was exalted by your worship.
You were near starving.

You visited 8 branches of the dungeon, and saw 39 of its levels.
You also visited: Gauntlet, Ice Cave and Volcano.

You collected 5093 gold pieces.
You spent 3522 gold pieces at shops.

Inventory:

Hand Weapons
 a - the +6 scimitar of Quuphify (weapon) {venom, rC- rN++ Str+3 Stlth+}
   (You bought it in a shop on level 2 of the Orcish Mines)

   It poisons the flesh of those it strikes.
   It affects your strength (+3).
   It makes you vulnerable to cold.
   It greatly protects you from negative energy.
   It makes you more stealthy.
 b - the +3 scimitar of Appuckum {flame, Str+4}
   (Okawaru gifted it to you on level 1 of the Lair of Beasts)

   It has been specially enchanted to burn those struck by it, causing extra
   injury to most foes and up to half again as much damage against particularly
   susceptible opponents.
   Big, fiery blades are also staple armaments of hydra-hunters.
   It affects your strength (+4).
 s - the +5 long sword of Wyrd {slice, rF+++ MR- Int+3 SInv}
   (Okawaru gifted it to you on level 1 of the Elven Halls)

   It inflicts extra damage upon your enemies.
   It affects your intelligence (+3).
   It renders you almost immune to fire.
   It affects your resistance to hostile enchantments.
   It lets you see invisible.
 C - the +7 scimitar of Kismet {slice, +Rage rElec rF-}
   (You took it off a deep elf death mage on level 2 of the Elven Halls)

   It inflicts extra damage upon your enemies.
   It makes you vulnerable to fire.
   It insulates you from electricity.
   It lets you go berserk.
 Y - a +2 hand crossbow of flaming
Missiles
 A - 1224 bolts
Armour
 c - a +1 buckler of reflection (worn)
 y - a scarf of resistance (worn)
 z - the +0 mask of the Dragon (worn) {MR+ Slay+3 SInv}
   (You bought it in a shop on level 3 of the Elven Halls)

   It affects your accuracy and damage with ranged weapons and melee attacks
   (+3).
   It affects your resistance to hostile enchantments.
   It lets you see invisible.
 E - a +1 crystal plate armour (worn)
 M - a +2 pair of gloves of strength (worn)
 N - a +2 pair of boots (worn)
Jewellery
 e - a +4 amulet of reflection (around neck)
 x - an uncursed ring of wizardry
 B - the ring of Muuh (left hand) {rPois rN+ Str+4 SInv}
   (You found it on level 3 of the Lair of Beasts)

   [ring of strength]

   It affects your strength (+4).
   It protects you from poison.
   It protects you from negative energy.
   It lets you see invisible.
 F - the ring of Atheism (right hand) {rC+ MR+ Slay+4}
   (You took it off a deep elf sorcerer on level 2 of the Elven Halls)

   [ring of slaying]

   It affects your accuracy and damage with ranged weapons and melee attacks
   (+4).
   It protects you from cold.
   It affects your resistance to hostile enchantments.
 H - the ring "Pugreil" {rPois Str+4 Dex+2}
   (You found it on level 4 of the Lair of Beasts)

   [ring of poison resistance]

   It affects your strength (+4).
   It affects your dexterity (+2).
   It protects you from poison.
 J - an uncursed ring of flight
 T - an uncursed ring of protection from magic
 V - the ring of Amiferph {rF+ rC+ Int-4 Dex+2 SInv}
   (You found it in a Gauntlet)

   [ring of protection from fire]

   It affects your intelligence (-4).
   It affects your dexterity (+2).
   It protects you from fire.
   It protects you from cold.
   It lets you see invisible.
Wands
 L - a wand of digging (5)
Scrolls
 g - 13 scrolls of teleportation
 h - 5 scrolls of blinking
 k - 3 scrolls of magic mapping
 q - 7 scrolls of identify
 r - 22 scrolls of remove curse
 u - 4 scrolls of noise
 D - 7 scrolls of fear
 K - a scroll of holy word
 Q - a scroll of summoning
 U - a scroll of fog
Potions
 d - 7 potions of might
 i - 2 potions of ambrosia
 n - 6 potions of berserk rage
 o - 2 potions of heal wounds
 p - 4 potions of haste
 t - 8 potions of flight
 w - 9 potions of agility
 G - 19 potions of curing
 I - a potion of invisibility
Miscellaneous
 j - a fan of gales
 l - a sack of spiders
 m - a fan of gales
 v - a fan of gales
 W - a phial of floods
Comestibles
 f - 46 rations


   Skills:
 + Level 20.8(25.8) Fighting
 + Level 20.8(25.8) Long Blades
   Level 0.4(5.4) Maces & Flails
   Level 3.3(8.3) Polearms
 + Level 0.7(5.7) Crossbows
 + Level 21.2(26.2) Armour
 + Level 5.9(10.9) Dodging
 + Level 3.3(8.3) Stealth
 + Level 24.3(27) Shields
 + Level 4.4 Invocations
 + Level 2.0 Evocations


You had 20 spell levels left.
You didn't know any spells.
Your spell library contained the following spells:

 Spells                   Type           Power        Failure   Level  Hunger
 Animate Skeleton         Necr           N/A          91%         1    ##.....
 Apportation              Tloc           #.....       91%         1    ##.....
 Beastly Appendage        Tmut           #.....       91%         1    ##.....
 Confusing Touch          Hex            #.....       91%         1    ##.....
 Freeze                   Ice            #...         91%         1    ##.....
 Magic Dart               Conj           #...         91%         1    ##.....
 Pain                     Necr           #...         91%         1    ##.....
 Shock                    Conj/Air       #...         91%         1    ##.....
 Summon Butterflies       Summ           #.......     91%         1    ##.....
 Summon Small Mammal      Summ           #...         91%         1    ##.....
 Blink                    Tloc           N/A          97%         2    ###....
 Call Imp                 Summ           #.......     97%         2    ###....
 Corpse Rot               Necr           N/A          97%         2    ###....
 Poisonous Vapours        Pois/Air       #.....       97%         2    ###....
 Slow                     Hex            #.......     97%         2    ###....
 Sticks to Snakes         Tmut           #.......     97%         2    ###....
 Sublimation of Blood     Necr           #.........   97%         2    ###....
 Swiftness                Chrm/Air       #.......     97%         2    ###....
 Throw Frost              Conj/Ice       #.....       97%         2    ###....
 Call Canine Familiar     Summ           #.......     99%         3    ####...
 Conjure Flame            Conj/Fire      #.......     99%         3    ####...
 Gell's Gravitas          Tloc           #.........   99%         3    ####...
 Inner Flame              Hex/Fire       #.......     99%         3    ####...
 Mephitic Cloud           Conj/Pois/Air  #.......     99%         3    ####...
 Ozocubu's Armour         Chrm/Ice       #.......     99%         3    ####...
 Portal Projectile        Hex/Tloc       #.....       99%         3    ####...
 Regeneration             Chrm/Necr      #.........   99%         3    ####...
 Spider Form              Tmut/Pois      #.........   99%         3    ####...
 Static Discharge         Conj/Air       #.......     99%         3    ####...
 Summon Guardian Golem    Hex/Summ       #.......     99%         3    ####...
 Vampiric Draining        Necr           #.........   99%         3    ####...
 Airstrike                Air            #.........   100%        4    #####..
 Animate Dead             Necr           N/A          100%        4    #####..
 Force Lance              Conj/Tloc      #.......     100%        4    #####..
 Ice Form                 Ice/Tmut       #.......     100%        4    #####..
 Leda's Liquefaction      Hex/Erth       #.........   100%        4    #####..
 Summon Ice Beast         Ice/Summ       #.......     100%        4    #####..
 Summon Lightning Spire   Summ/Air       #.......     100%        4    #####..
 Throw Icicle             Conj/Ice       #.......     100%        4    #####..
 Agony                    Necr           #.......     100%        5    ######.
 Blade Hands              Tmut           #.........   100%        5    ######.
 Bolt of Draining         Conj/Necr      #.........   100%        5    ######.
 Bolt of Magma            Conj/Fire/Erth #.........   100%        5    ######.
 Dispel Undead            Necr           #.......     100%        5    ######.
 Excruciating Wounds      Chrm/Necr      #.........   100%        5    ######.
 Lightning Bolt           Conj/Air       #.........   100%        5    ######.
 Metabolic Englaciation   Hex/Ice        #.........   100%        5    ######.
 Summon Demon             Summ           #.........   100%        5    ######.
 Summon Mana Viper        Hex/Summ       #.......     100%        5    ######.
 Bolt of Fire             Conj/Fire      #.........   100%        6    #######
 Darkness                 Hex            #.........   100%        6    #######
 Dispersal                Tloc           #.........   100%        6    #######
 Freezing Cloud           Conj/Ice/Air   #.........   100%        6    #######
 Invisibility             Hex            #.......     100%        6    #######
 Iron Shot                Conj/Erth      #.........   100%        6    #######
 Simulacrum               Ice/Necr       #.........   100%        6    #######
 Statue Form              Tmut/Erth      #........    100%        6    #######
 Ring of Flames           Chrm/Fire      #.........   100%        7    #######
 Spellforged Servitor     Conj/Summ      #.........   100%        7    #######
 Summon Hydra             Summ           #.........   100%        7    #######
 Controlled Blink         Tloc           N/A          100%        8    #######
 Disjunction              Tloc           #.........   100%        8    #######
 Shatter                  Erth           #.........   100%        9    #######


Dungeon Overview and Level Annotations

Branches:
Dungeon (15/15)            Temple (1/1) D:4            Lair (6/6) D:10
 Shoals (4/4) Lair:2       Spider (4/4) Lair:2        Slime (0/5) Lair:6
    Orc (2/2) D:10            Elf (3/3) Orc:2        Vaults (4/5) D:14
  Crypt (0/3) Vaults:2     Depths (0/5) D:15

Altars:
Cheibriados
Hepliaklqana
Makhleb
Okawaru
Qazlal
Trog
Uskayaw
Vehumet
Xom
Zin
The Shining One

Shops:
D:5 =   D:10 (   Orc:2 :(*[   Elf:1 ***   Elf:2 !   Elf:3 [   Vaults:2 [

Portals:
Trove: Vaults:1 (give 12 potions of heal wounds)

Annotations:
D:5 2 transporters
Lair:5 exclusion: oklob plant


Innate Abilities, Weirdness & Mutations

You reflexively headbutt those who attack you in melee.
You have a pair of horns on your head.


Message History

You are near starving!
You block the tengu reaver's attack.
The tengu reaver pecks you but does no damage.
You block the tengu reaver's attack.
A two-headed ogre comes into view.
It is wielding a +0 giant club and a +0 giant spiked club.
The tengu reaver gestures at you while chanting.
The bolt of magma hits you!! You partially resist.
* * * LOW HITPOINT WARNING * * *
The ironbrand convoker hits you but does no damage.
Unknown command.
You slice the tengu reaver!!
The tengu reaver is poisoned.
Your headbutt misses the tengu reaver.
The tengu reaver is heavily wounded.
You hear two shouts!
The tengu reaver closely misses you. You furiously retaliate!
You headbutt the tengu reaver!
The tengu reaver pecks you but does no damage.
The tengu reaver claws you but does no damage.
The tengu reaver hits you with a +4 long sword of holy wrath!!
You die...

********,,,,,,,,+
*......',,,,,,,,*
*.....O#,,,,,,,,* ******
########......#*********
,,,,,* #......#.?....# *
,,,,,* #......#.*....# *
,,,,,* #......#..*...# *
,,,,,* #.....)#Q.....# *
,,,,,* #......@p.....#
,,,,,* #......#Q(....#
####+########'##########
.......#...#...#
.......#).#....#
.......))).#...#
********
....(..#().#...#
*,,,,,,*
.......#..#)).##
*,,,,,,* ..../).#..#...#
*,,,,,,*


You could see 2 tengu reavers, a two-headed ogre, an ironbrand convoker and 2
battlespheres.

Vanquished Creatures
  Sojobo (Vaults:4)
  Margery (Vaults:2)
  3 deep elf blademasters
  Asterion (Spider:1)
  A deep elf master archer (Elf:2)
  Polyphemus (Shoals:3)
  4 krakens (Shoals:2)
  2 sphinxes
  Agnes (Elf:2)
  Frances (Spider:1)
  A revenant (Vaults:2)
  4 deep elf sorcerers
  2 frost giants
  2 orc warlords
  10 vault wardens
  8 emperor scorpions
  Aizul (Spider:1)
  6 ghost moths
  6 deep elf elementalists
  A very ugly thing (Vaults:3)
  3 stone giants (Vaults:3)
  A vampire knight (Vaults:2)
  10 ironheart preservers
  Azrael (Spider:1)
  3 entropy weavers
  A minotaur (Gauntlet)
  5 deep elf annihilators
  11 deep elf demonologists
  6 dire elephants (Lair:6)
  A spark wasp (Spider:4)
  5 merfolk javelineers
  2 blizzard demons (IceCv)
  The ghost of Shaidar the Basher, a journeyman GrFi of Okawaru (Lair:3)
  10 deep elf death magi
  5 merfolk impalers (Shoals:4)
  5 yaktaur captains
  6 ogre magi
  3 deep elf high priests
  3 ice dragons
  A great orb of eyes (Vaults:3)
  3 fire dragons
  3 vault guards
  8 hydras
  4 catoblepae
  6 centaur warriors
  2 alligator snapping turtles
  3 merfolk aquamancers
  30 dancing weapons
  3 merfolk avatars
  An anaconda (Lair:6)
  4 death yaks (Shoals:3)
  23 two-headed ogres
  2 satyrs
  2 tengu warriors
  A deep troll earth mage (Vaults:1)
  3 orc high priests (Orc:2)
  5 hell knights (Vaults:2)
  2 small abominations
  25 deep elf knights
  A fire crab (Gauntlet)
  3 unseen horrors
  9 skeletal warriors
  9 sea snakes
  3 deep trolls
  3 wizards
  2 glowing orange brains
  Pikel (D:8)
  14 deep elf archers
  2 lindwurms
  4 necromancers
  14 ironbrand convokers
  4 harpies
  7 orc knights
  15 orb spiders
  8 orc sorcerers
  6 ugly things
  6 cyclopes
  3 oklob plants
  36 wolf spiders
  A moth of wrath (Spider:4)
  15 manticores
  67 deep elf magi
  A stone giant zombie (Vaults:1)
  12 fauns
  2 stone giant skeletons (Vaults:3)
  A cyclops (shapeshifter) (D:14)
  A guardian serpent (shapeshifter) (Vaults:2)
  17 elephants
  6 black mambas
  8 merfolk sirens
  Maurice (D:13)
  4 ice statues (IceCv)
  5 water nymphs
  11 vault sentinels
  2 molten gargoyles (Volcano)
  2 gargoyles
  2 centaur zombies
  4 torpor snails
  6 spiny frogs
  A human zombie (Vaults:1)
  A kobold demonologist (D:10)
  5 freezing wraiths
  An efreet (D:13)
  8 ice devils (IceCv)
  9 komodo dragons
  36 yaktaurs
  16 demonic crawlers
  2 rime drakes
  A guardian mummy (Vaults:1)
  A yaktaur skeleton (Vaults:3)
  35 jumping spiders
  A queen bee (shapeshifter) (D:15)
  A polar bear (Lair:6)
  22 merfolk
  3 meliai (Gauntlet)
  6 trolls
  Grinder (D:5)
  2 tengu simulacra (Vaults:3)
  17 hornets
  4 wind drakes
  12 dream sheep (Lair:5)
  12 blink frogs
  12 hippogriffs
  28 slime creatures
  7 snapping turtles
  A stone giant simulacrum (Vaults:2)
  7 water elementals
  2 vampires (D:14)
  A centaur simulacrum (D:14)
  3 wraiths
  117 redbacks
  An air elemental (Elf:3)
  A shadow (D:15)
  2 spriggans (shapeshifter) (Vaults:1)
  A spriggan (D:10)
  43 tarantellas
  2 hogs (shapeshifter)
  2 steam dragons
  33 yaks
  4 wyverns
  4 fire elementals
  10 fire bats
  3 hungry ghosts
  4 basilisks
  4 vampire mosquitoes (D:14)
  3 iron troll simulacra (IceCv)
  4 harpy simulacra (IceCv)
  4 wargs
  3 acid dragons (Vaults:2)
  A soldier ant (shapeshifter) (Vaults:2)
  A deep troll zombie (Vaults:3)
  7 water moccasins
  3 hell hounds
  3 hydra simulacra (IceCv)
  3 porcupines
  36 orc warriors
  5 phantoms
  4 sky beasts
  5 ice beasts
  2 black bears
  2 necrophages
  17 ogres
  An orc zombie (Vaults:1)
  3 eyes of draining
  10 boggarts
  8 wolves
  24 centaurs
  9 crocodiles
  21 big kobolds
  Blork the orc (D:4)
  13 bullfrogs
  A gnoll sergeant (D:9)
  4 earth elementals
  A wyvern skeleton (D:14)
  8 scorpions
  18 wights
  5 killer bees (D:10)
  2 electric eels
  4 howler monkeys
  4 crimson imps
  8 lava snakes
  4 bullfrog zombies
  3 quasits
  Crazy Yiuf (D:6)
  36 orc wizards
  2 bullfrog skeletons
  25 orc priests
  9 hounds
  2 jellies
  7 centaur skeletons
  7 iguanas
  9 worker ants
  2 hound zombies (D:6)
  2 hound skeletons
  A worker ant zombie (D:10)
  8 gnolls
  11 adders
  A howler monkey skeleton (D:4)
  6 shadow imps
  A worm (D:2)
  3 dart slugs
  5 leopard geckos
  81 orcs
  A bat (shapeshifter) (Elf:3)
  8 bats
  9 giant cockroaches
  5 goblins
  10 hobgoblins
  11 jackals
  7 quokkas
  A ball python (D:4)
  8 frilled lizards
  17 kobolds
  8 rats
  A crawling corpse (Elf:3)
  2 fungi
  24 plants
  22 tentacles (Shoals:2)
1685 creatures vanquished.

Vanquished Creatures (others)
  A deep elf master archer (Elf:3)
  A centaur warrior (Vaults:2)
  2 deep elf knights
  5 deep elf archers
  An orb spider (Spider:2)
  3 yaktaurs
  A hippogriff (D:10)
  A redback (Spider:1)
  An orc warrior (Orc:2)
  A slave (D:9)
  4 centaurs
  2 wights (D:13)
  3 orcs
  A bush (Shoals:4)
  10 fungi
  8 plants
  73 tentacles (Shoals:2)
118 creatures vanquished.

Grand Total: 1803 creatures vanquished

Notes
Turn   | Place    | Note
-------+----------+-------------------------------------------
     0 | D:1      | Peloso the Minotaur Fighter began the quest for the Orb.
     0 | D:1      | Reached XP level 1. HP: 19/19 MP: 0/0
   117 | D:1      | Reached XP level 2. HP: 27/27 MP: 1/1
   331 | D:1      | Reached skill level 4 in Shields
   646 | D:2      | Reached XP level 3. HP: 33/33 MP: 2/2
   971 | D:2      | Noticed a scorpion
   976 | D:2      | Killed a scorpion
   976 | D:2      | Reached XP level 4. HP: 40/40 MP: 3/3
   993 | D:2      | Found a glowing golden altar of the Shining One.
  1391 | D:3      | Reached XP level 5. HP: 31/46 MP: 4/4
  1489 | D:3      | Noticed a phantom
  1506 | D:3      | Killed a phantom
  1506 | D:3      | Reached skill level 5 in Armour
  1506 | D:3      | Reached skill level 5 in Shields
  1602 | D:3      | Reached skill level 1 in Dodging
  1831 | D:3      | Reached XP level 6. HP: 47/52 MP: 5/5
  2378 | D:4      | Reached skill level 5 in Long Blades
  2463 | D:4      | Noticed Blork the orc
  2553 | D:4      | Killed Blork the orc
  2810 | D:4      | Found a staircase to the Ecumenical Temple.
  2979 | D:4      | Reached XP level 7. HP: 39/59 MP: 6/6
  3005 | D:4      | Reached skill level 6 in Shields
  3134 | Temple   | Entered the Ecumenical Temple
  3153 | Temple   | Became a worshipper of Warmaster Okawaru
  3209 | D:5      | Entered Level 5 of the Dungeon
  3455 | D:5      | Reached skill level 1 in Stealth
  3466 | D:5      | Found Joaleydd's Jewellery Emporium.
  3524 | D:5      | Noticed Grinder
  3528 | D:5      | Paralysed by Grinder for 2 turns
  3550 | D:5      | Killed Grinder
  3550 | D:5      | Reached * piety under Okawaru
  3550 | D:5      | Reached XP level 8. HP: 39/67 MP: 7/7
  3630 | D:5      | Reached skill level 7 in Shields
  3798 | D:5      | Found a snail-covered altar of Cheibriados.
  3799 | D:5      | Noticed a centaur warrior
  3809 | D:5      | Found a transporter.
  3822 | D:5      | Found a transporter.
  4411 | D:6      | Reached skill level 5 in Fighting
  4420 | D:6      | Found a burning altar of Makhleb.
  4426 | D:6      | Found a glowing silver altar of Zin.
  4432 | D:6      | Noticed an angel
  4434 | D:6      | Noticed a balrug
  4516 | D:6      | Found a stormy altar of Qazlal.
  4621 | D:6      | Found a glowing golden altar of the Shining One.
  4679 | D:6      | Found a radiant altar of Vehumet.
  4700 | D:6      | Reached ** piety under Okawaru
  5337 | D:6      | Found a runed translucent door.
  5338 | D:6      | Noticed Crazy Yiuf
  5349 | D:6      | Killed Crazy Yiuf
  5395 | D:7      | Reached XP level 9. HP: 66/77 MP: 8/8
  5430 | D:7      | Reached skill level 1 in Invocations
  5453 | D:7      | Reached skill level 8 in Shields
  6144 | D:7      | Reached *** piety under Okawaru
  6586 | D:8      | Reached skill level 9 in Shields
  7072 | D:9      | Noticed Pikel
  7091 | D:8      | Killed Pikel
  7091 | D:8      | Reached **** piety under Okawaru
  7091 | D:8      | Reached skill level 10 in Long Blades
  7091 | D:8      | Reached XP level 10. HP: 85/85 MP: 7/10
  7345 | D:9      | Reached skill level 10 in Shields
  7829 | D:10     | Entered Level 10 of the Dungeon
  7893 | D:10     | Reached ***** piety under Okawaru
  7911 | D:10     | Noticed a smoke demon
  8079 | D:10     | Reached XP level 11. HP: 93/93 MP: 11/11
  8087 | D:10     | Reached skill level 11 in Shields
  8137 | D:10     | Received a gift from Okawaru
  8259 | D:10     | Reached skill level 10 in Armour
  8383 | D:10     | Found a staircase to the Orcish Mines.
  8383 | D:10     | Found Mapabb's Weapon Boutique.
  8569 | D:10     | Found a staircase to the Lair.
  9048 | D:11     | Killed an unseen horror
  9290 | D:11     | Noticed a centaur warrior
  9299 | D:11     | Killed a centaur warrior
  9798 | D:11     | Got a warped long sword
  9799 | D:11     | Identified the cursed +3 long sword of Vobeos {slice,
                  | Str+3} (You found it on level 11 of the Dungeon)
  9972 | D:11     | Got a pitted trident
  9973 | D:11     | Identified the +7 trident of the Sun {flame, *Contam rElec
                  | Dex+9} (You found it on level 11 of the Dungeon)
 10315 | Lair:1   | Entered Level 1 of the Lair of Beasts
 10318 | Lair:1   | Found a gate leading to a gauntlet.
 10365 | Gauntlet | Entered a Gauntlet
 10365 | Gauntlet | Found a transporter.
 10368 | Gauntlet | Found a transporter.
 10370 | Gauntlet | Found a transporter.
 10374 | Gauntlet | Found a transporter.
 10375 | Gauntlet | Found a transporter.
 10375 | Gauntlet | Found a transporter.
 10383 | Gauntlet | Found a transporter.
 10384 | Gauntlet | Found the brooch of Shielding {Reflect SH+8}
 10385 | Gauntlet | Found a transporter.
 10415 | Gauntlet | Found a transporter.
 10415 | Gauntlet | Found a transporter.
 10419 | Gauntlet | Found a transporter.
 10441 | Gauntlet | Noticed a fire crab
 10446 | Gauntlet | Found a transporter.
 10639 | Gauntlet | Reached skill level 12 in Shields
 10646 | Gauntlet | Got a translucent tin amulet
 10648 | Gauntlet | Identified the amulet of Uhoc {Inacc rC- Str+10 Int+2
                  | Dex-5} (You found it in a Gauntlet)
 10840 | Gauntlet | Killed a fire crab
 10840 | Gauntlet | Reached skill level 1 in Polearms
 10853 | Gauntlet | Got a shimmering granite ring
 10859 | Gauntlet | Identified the ring of Amiferph {rF+ rC+ Int-4 Dex+2 SInv}
                  | (You found it in a Gauntlet)
 10946 | Gauntlet | Noticed a minotaur
 10963 | Gauntlet | Killed a minotaur
 10978 | Gauntlet | Identified Sif Muna's Collected Works on Execration and
                  | Flames
 11104 | Lair:1   | Reached XP level 12. HP: 104/104 MP: 13/13
 11124 | Lair:1   | Noticed a five-headed hydra
 11133 | Lair:1   | Killed a five-headed hydra
 11133 | Lair:1   | Received a gift from Okawaru
 12007 | Lair:1   | Noticed a six-headed hydra
 12019 | Lair:1   | Killed a six-headed hydra
 12028 | Lair:1   | Got a steaming scimitar {god gift}
 12029 | Lair:1   | Identified the +3 scimitar of Appuckum {flame, Str+4}
                  | (Okawaru gifted it to you on level 1 of the Lair of Beasts)
 12867 | Lair:2   | Reached skill level 10 in Fighting
 12958 | Lair:2   | Reached skill level 13 in Shields
 13362 | Lair:2   | Found a staircase to the Shoals.
 13475 | Lair:2   | Found a hole to the Spider Nest.
 13786 | Lair:2   | You fall into a shaft and drop 1 floor!
 14181 | Lair:3   | Noticed an eight-headed hydra
 14189 | Lair:3   | Killed a five-headed hydra
 14189 | Lair:3   | Reached ****** piety under Okawaru
 14626 | Lair:3   | Noticed a catoblepas
 14637 | Lair:3   | Killed a catoblepas
 14637 | Lair:3   | Reached skill level 14 in Shields
 14694 | Lair:3   | Found a runed translucent gate.
 14695 | Lair:3   | Found a runed translucent gate.
 14696 | Lair:3   | Found a runed translucent gate.
 14698 | Lair:3   | Noticed an 11-headed hydra
 14698 | Lair:3   | Noticed Shaidar's ghost (journeyman GrFi)
 14698 | Lair:3   | Noticed a 12-headed hydra
 14715 | Lair:3   | Killed an eight-headed hydra
 14722 | Lair:3   | Killed Shaidar's ghost
 14722 | Lair:3   | Received a gift from Okawaru
 14725 | Lair:3   | Killed a nine-headed hydra
 14725 | Lair:3   | Reached XP level 13. HP: 98/114 MP: 12/14
 14736 | Lair:3   | Got a bound gossamer ring
 14740 | Lair:3   | Identified the ring of Muuh {rPois rN+ Str+4 SInv} (You
                  | found it on level 3 of the Lair of Beasts)
 15739 | Lair:4   | Got a faintly glowing ivory ring
 15794 | Lair:4   | Identified the ring "Pugreil" {rPois Str+4 Dex+2} (You
                  | found it on level 4 of the Lair of Beasts)
 15795 | Lair:4   | Identified a scroll of acquirement
 17613 | D:13     | Noticed Maurice
 17639 | D:13     | Killed Maurice
 17799 | D:13     | Received a gift from Okawaru
 17981 | D:13     | Reached skill level 15 in Shields
 18821 | D:14     | Reached XP level 14. HP: 120/126 MP: 15/15
 18941 | D:14     | Received a gift from Okawaru
 18941 | D:14     | Reached skill level 1 in Evocations
 19082 | D:14     | Found the +6 arbalest "Damnation" {damnation}
 19146 | D:14     | Found a gate to the Vaults.
 19550 | Orc:1    | Entered Level 1 of the Orcish Mines
 19557 | Orc:1    | Noticed an orc warlord
 19911 | D:10     | Killed an orc warlord
 20167 | Orc:2    | Entered Level 2 of the Orcish Mines
 20167 | Orc:2    | Found a staircase to the Elven Halls.
 20480 | Orc:1    | Found a bloodstained altar of Trog.
 20735 | Orc:2    | Reached skill level 15 in Long Blades
 22438 | Orc:2    | Paralysed by an orc sorcerer for 5 turns
 22447 | Orc:2    | Noticed an orc warlord
 23130 | Orc:2    | Killed an orc warlord
 23195 | Orc:2    | Received a gift from Okawaru
 23221 | Orc:2    | Found Puqoilic's General Store.
 23222 | Orc:2    | Found Riaf's Book Shoppe.
 23223 | Orc:2    | Found Ijawoum's Antique Armour Emporium.
 23223 | Orc:2    | Found Mior's Antique Weapon Emporium.
 23231 | Orc:2    | Bought a scroll of identify for 26 gold pieces
 23231 | Orc:2    | Bought a scroll of magic mapping for 45 gold pieces
 23251 | Orc:2    | Bought a scorched scimitar for 198 gold pieces
 23252 | Orc:2    | Identified the +6 scimitar of Quuphify {venom, rC- rN++
                  | Str+3 Stlth+} (You bought it in a shop on level 2 of the
                  | Orcish Mines)
 23369 | Orc:2    | Bought an embroidered scarf for 280 gold pieces
 24066 | Lair:5   | Reached skill level 16 in Shields
 24067 | Lair:5   | Received a gift from Okawaru
 25075 | Lair:5   | Reached skill level 5 in Dodging
 25530 | Lair:6   | Entered Level 6 of the Lair of Beasts
 25547 | Lair:6   | Reached XP level 15. HP: 137/137 MP: 16/16
 25613 | Lair:6   | Found a dark tunnel.
 25622 | Volcano  | Entered a volcano
 25833 | Volcano  | Found a radiant altar of Vehumet.
 25866 | Volcano  | Reached skill level 15 in Armour
 26232 | Lair:6   | Found a staircase to the Slime Pits.
 26398 | Lair:6   | Received a gift from Okawaru
 28412 | D:15     | Entered Level 15 of the Dungeon
 29018 | D:15     | Reached skill level 17 in Shields
 29279 | D:15     | Got a warped lead amulet
 29281 | D:15     | Identified the amulet "Koniejeff" {Spirit Str+4} (You found
                  | it on level 15 of the Dungeon)
 30158 | D:15     | Received a gift from Okawaru
 30302 | D:15     | Found a staircase to the Depths.
 31077 | Shoals:1 | Entered Level 1 of the Shoals
 31118 | Shoals:1 | Got a pair of transparent gloves
 31124 | Shoals:1 | Identified the +0 pair of gloves of Qiorohan {SInv} (You
                  | found it on level 1 of the Shoals)
 31844 | Shoals:1 | Reached skill level 15 in Fighting
 32868 | Shoals:2 | Noticed a kraken
 32868 | Shoals:2 | Noticed a kraken
 32868 | Shoals:2 | Noticed a kraken
 32868 | Shoals:2 | Noticed a kraken
 33375 | Shoals:2 | Reached XP level 16. HP: 140/149 MP: 17/17
 35256 | Shoals:2 | Killed a kraken
 35355 | Shoals:2 | Killed a kraken
 35653 | Shoals:2 | Received a gift from Okawaru
 35656 | Shoals:2 | Got an iridescent trident {god gift}
 35785 | Shoals:2 | Killed a kraken
 36185 | Shoals:2 | Killed a kraken
 37111 | Shoals:2 | You fall into a shaft and drop 1 floor!
 37735 | Shoals:3 | Received a gift from Okawaru
 37886 | Shoals:3 | Reached skill level 18 in Shields
 38111 | Shoals:4 | Entered Level 4 of the Shoals
 38881 | Shoals:4 | Noticed Polyphemus
 38937 | Shoals:3 | Killed Polyphemus
 39977 | Shoals:4 | Received a gift from Okawaru
 40272 | Shoals:4 | Identified the Tome of Supportive Fire
 41155 | Shoals:4 | Reached XP level 17. HP: 143/158 MP: 18/18
 41207 | Shoals:4 | Got a barnacled rune of Zot
 41683 | Spider:1 | Entered Level 1 of the Spider Nest
 42011 | Spider:1 | Noticed Aizul
 42028 | Spider:1 | Killed Aizul
 42540 | Spider:1 | Noticed Frances
 42559 | Spider:1 | Killed Frances
 42807 | Spider:1 | Noticed Azrael
 42822 | Spider:1 | Killed Azrael
 43063 | Spider:1 | Reached skill level 19 in Shields
 43267 | Spider:1 | Noticed Asterion
 43293 | Spider:1 | Killed Asterion
 44345 | Lair:1   | Identified the +1 trident of Joyful Slaughter {pierce,
                  | *Rage rElec rN+ Stlth+} (Okawaru gifted it to you on level
                  | 2 of the Shoals)
 44543 | Elf:1    | Entered Level 1 of the Elven Halls
 44598 | Elf:1    | Received a gift from Okawaru
 44604 | Elf:1    | Got a twisted long sword {god gift}
 44605 | Elf:1    | Identified the +5 long sword of Wyrd {slice, rF+++ MR-
                  | Int+3 SInv} (Okawaru gifted it to you on level 1 of the
                  | Elven Halls)
 45860 | Elf:1    | Found Fenesch's Assorted Antiques.
 45860 | Elf:1    | Found Luropt's Assorted Antiques.
 45939 | Elf:1    | Found Peaduros's Assorted Antiques.
 45947 | Elf:1    | Bought a wand of digging (4) for 200 gold pieces
 46246 | Elf:1    | Bought an ichor-stained falchion for 144 gold pieces
 46247 | Elf:1    | Identified the +6 falchion "Killer Bee's Foe" {speed, rElec
                  | rF- rN+} (You bought it in a shop on level 1 of the Elven
                  | Halls)
 46278 | Elf:1    | Bought a scroll of acquirement for 1300 gold pieces
 46461 | Elf:2    | Received a gift from Okawaru
 46823 | Elf:2    | Found Icoruc's Distillery.
 46876 | Elf:2    | Noticed an Ice Fiend
 46881 | Elf:2    | Bought a potion of heal wounds for 70 gold pieces
 46896 | Elf:2    | Identified the +1 leather armour of Wintor {Str+2 Stlth+}
 47295 | Elf:2    | Noticed Agnes
 47314 | Elf:2    | Killed Agnes
 47317 | Elf:2    | Reached XP level 18. HP: 59/170 MP: 20/20
 47958 | Elf:2    | Found a runed translucent door.
 47985 | Elf:2    | Found a runed translucent door.
 48398 | Elf:2    | Reached skill level 20 in Shields
 49255 | Elf:2    | Received a gift from Okawaru
 49461 | Elf:3    | Entered Level 3 of the Elven Halls
 49472 | Elf:3    | Found Geph's Antique Armour Shoppe.
 51178 | Spider:2 | Received a gift from Okawaru
 52214 | Spider:1 | Received a gift from Okawaru
 52934 | Spider:3 | Received a gift from Okawaru
 53673 | Spider:3 | Reached skill level 21 in Shields
 53969 | Spider:4 | Entered Level 4 of the Spider Nest
 53978 | Spider:4 | Reached XP level 19. HP: 179/179 MP: 21/21
 54008 | Spider:4 | Received a gift from Okawaru
 54024 | Spider:4 | Found a frozen archway.
 54029 | IceCv    | Entered an ice cave
 54961 | Spider:4 | Received a gift from Okawaru
 56189 | Spider:4 | Received a gift from Okawaru
 56201 | Spider:4 | Got a gossamer rune of Zot
 57161 | Elf:3    | Reached skill level 22 in Shields
 57432 | Elf:3    | Identified the +2 plate armour of the Bulwark {Int+4}
 57525 | Elf:3    | Identified the ring "Ripnuido" {+Inv Dex+2}
 58214 | Elf:2    | Received a gift from Okawaru
 58551 | Elf:1    | Bought a blackened garnet ring for 90 gold pieces
 60493 | Elf:3    | Identified the +7 scimitar of Kismet {slice, +Rage rElec
                  | rF-}
 60494 | Elf:3    | Identified the +9 flail of Fear {crush, rPois Str+7}
 60494 | Elf:3    | Identified the ring of Atheism {rC+ MR+ Slay+4}
 61023 | Elf:2    | Reached XP level 20. HP: 154/191 MP: 22/22
 61208 | Elf:3    | Identified the Volume of Scorching Snow
 62677 | Elf:3    | Bought the +0 mask of the Dragon {MR+ Slay+3 SInv} for 1169
                  | gold pieces
 62677 | Elf:3    | Found the +0 mask of the Dragon {MR+ Slay+3 SInv}
 62876 | Vaults:1 | Entered Level 1 of the Vaults
 62879 | Vaults:1 | Found a portal to a secret trove of treasure.
 64489 | Vaults:1 | Received a gift from Okawaru
 65194 | Vaults:1 | Reached skill level 23 in Shields
 66302 | Vaults:2 | Noticed Margery
 66337 | Vaults:2 | Killed Margery
 66574 | Vaults:2 | Found Weucesch's Armour Shoppe.
 66581 | Vaults:2 | Received a gift from Okawaru
 66664 | Vaults:2 | Got a brightly glowing falchion {god gift}
 66665 | Vaults:2 | Identified the +3 falchion of Iwalohiu {vamp, Stlth+}
                  | (Okawaru gifted it to you on level 2 of the Vaults)
 66795 | Vaults:2 | Reached XP level 21. HP: 183/200 MP: 23/23
 66805 | Vaults:2 | Paralysed by a hornet for 1 turns
 67446 | Vaults:2 | Found a staircase to the Crypt.
 68054 | Vaults:3 | Reached skill level 24 in Shields
 68092 | Vaults:3 | Received a gift from Okawaru
 69140 | Vaults:3 | Identified the +2 chain mail "Ischal" {*Slow rCorr Int+2}
                  | (You found it on level 3 of the Vaults)
 69793 | Vaults:4 | Noticed Sojobo
 69810 | Vaults:4 | Killed Sojobo
 69814 | Vaults:4 | HP: 9/202 [tengu reaver/+4 long sword of holy wrath[Sojobo]
                  | (2)]
 69816 | Vaults:4 | Slain by a tengu reaver

Levels and vault maps discovered:
D:1:      eino_arrival_druids_welcome, layout_loops_cross, corexii_corridor_pit,
          supply_closet_lemuel
D:2:      minmay_alternating_diamond, layout_basic, overflow_temple_1_default
D:3:      layout_basic, st_stairs_11, chequers_serial_rivers_large_b
D:4:      layout_basic, temple_doors_ab, uniq_blork_the_orc
D:5:      layout_basic, gammafunk_temple_overflow_arena, first_ration,
          minmay_shop_enchanted_jewellery, dk_rats_in_the_wall, uniq_grinder
D:6:      layout_loops_ring, grunt_temple_overflow_order_and_chaos_2,
          nicolae_overflow_crystal_walls, lemuel_crystal_altar, basic_altar,
          minivault_23, uniq_crazy_yiuf_cottage
D:7:      layout_cave_pools
D:8:      wad_crossroads, layout_basic
D:9:      layout_loops_ring, uniq_pikel
D:10:     layout_roguey, david_lair_generic, orc_david_3, special_room
          [special_room_kobold], grunt_pizzeria, nrook_mini_backslash
D:11:     layout_stronghold
D:12:     layout_long_grid
D:13:     layout_basic, uniq_maurice
D:14:     layout_basic, david_vaults_1, serial_bayou_pond_e,
          onia_ninara_dug_in_and_dangerous
D:15:     grunt_enter_depths_snipers, layout_basic, serial_bayou_ford_a
Temple:   eino_temple_scatter_basement
Lair:1:   beast_lair_carwin_large_2, layout_regular_city, gauntlet_entry_generic
Lair:2:   layout_small_grid, minmay_shoals_entry_beasts,
          spider_nest_entry_web_field, lemuel_fruit_tree, lemuel_fruit_fields
Lair:3:   layout_cave_pods, gammafunk_ghost_hydra_chop, minivault_11,
          kennysheep_catoblepas_arena
Lair:4:   layout_regular_city, chequers_serial_rivers_room_a, grunt_megastairs_5
Lair:5:   layout_regular_city, minmay_hedge_maze, grunt_megastairs_4,
          infiniplex_staircase_pool
Lair:6:   due_jungle_book, layout_small_grid, slime_dummy,
          lightli_volcano_entry_magma_tube, chequers_serial_rivers_marsh,
          bh_autumn_forest_stairs
Shoals:1: nicolae_shoals_island_circles, layout_shoals,
          nicolae_shoals_this_corrosion
Shoals:2: layout_shoals, nicolae_shoals_kraken_party
Shoals:3: layout_shoals
Shoals:4: shoals_end_grunt_ice, layout_shoals, yaktaur_hedge, uniq_polyphemus
Spider:1: layout_chambers, uniq_azrael, uniq_frances, uniq_asterion, uniq_aizul
Spider:2: layout_spider_delve, nicolae_spider_shape
Spider:3: spiders_nest_scorpion_pit
Spider:4: grunt_spider_rune_parallel, portal_ice_cave_entry_pillars_three,
          drop_trap, guppyfry_spider_mini_2
Orc:1:    layout_caves, basic_altar
Orc:2:    st_orc_congregation, layout_caves, nicolae_orc_lava_tube
Elf:1:    eino_elf_arrival_sip, layout_onion_city, serial_shops, shop,
          minivault_28, hangedman_elven_pyramids, hangedman_elven_ridges,
          minmay_shoptagon
Elf:2:    layout_onion_city, serial_shops, nicolae_shop_crystal, uniq_agnes
Elf:3:    elf_hall, layout_rooms, serial_shops, shop, st_stairs_12
Vaults:1: vaults_mumra_lcd, vaults_room_stairs_pillars, vaults_room_hallway,
          nicolae_vaults_theta, v_misc_12, ontoclasm_vaults_eye,
          vaults_dpeg_diagonal, vaults_room_grid, ontoclasm_vaults_pinch,
          vaults_dpeg_ring, nicolae_vaults_border_crossing, vaults_room_pools,
          v_misc_10, layout_vaults_ring, nicolae_trove_entry_path_of_doom
Vaults:2: vaults_room_fours, vaults_mumra_minichess, v_misc_26,
          grunt_vaults_funnel, minmay_crypt_entry_simple_sparse,
          vaults_room_fancy_cross, nicolae_vaults_asterisk,
          hangedman_vaults_nodes, nicolae_vaults_little_squares_2,
          vaults_room_pool, nicolae_vaults_ring_of_whatevers, v_pattern_2,
          layout_vaults_big_room, serial_shops, nicolae_shop_waterfront,
          uniq_margery
Vaults:3: vaults_mumra_minichess_inversion, vaults_room_grunt_arrival_ludios,
          ontoclasm_vaults_gateway, nicolae_vaults_minivaults,
          hangedman_vaults_nails, grunt_vaults_hallway_long, v_misc_15,
          nicolae_vaults_network_quinsquares
          [nicolae_vaults_network_quincunx_subvault,
          nicolae_vaults_network_quincunx_subvault,
          nicolae_vaults_network_quincunx_subvault,
          nicolae_vaults_network_quincunx_subvault], v_misc_19,
          ontoclasm_vaults_tryst, v_pattern_1, ontoclasm_vaults_hangar,
          hangedman_vaults_maws, vaults_dpeg_doors, layout_vaults_omnibox
Vaults:4: hangedman_vaults_stream, nicolae_vaults_twisting_passages,
          nicolae_vaults_theta, vaults_room_door_ring,
          vaults_room_guarded_vault, v_misc_3, ontoclasm_vaults_shuriken,
          ontoclasm_vaults_twist, v_pattern_3, nicolae_vaults_little_squares_6,
          layout_vaults_maze_bifur, infiniplex_enter_wizlab_water, uniq_mara,
          uniq_sojobo

Skill      XL: |  1  2  3  4  5  6  7  8  9 10 11 12 13 14 15 16 17 18 19 20 21 |
---------------+----------------------------------------------------------------+-----
Armour         | 4 5 6 7 8 9 10 12 13 14 16 17 18 19 20 21 | 21.2
Shields        | 4 5 6 7 9 10 12 14 15 16 17 18 19 21 22 23 24 | 24.3
Long Blades    | 3 4 5 6 8 10 11 12 13 14 15 16 17 18 19 20 | 20.8
Fighting       | 4 6 7 8 9 10 12 13 15 16 17 18 19 20 | 20.8
Dodging        | 1 2 3 4 5 |  5.9
Stealth        | 1 2 3 |  3.3
Invocations    | 1 2 3 4 |  4.4
Polearms       | 2 3 |  3.3
Evocations     | 1 2 |  2.0
Maces & Flails | |  0.4
Crossbows      | |  0.7

Action                   |  1- 3 |  4- 6 |  7- 9 | 10-12 | 13-15 | 16-18 | 19-21 || total
-------------------------+-------+-------+-------+-------+-------+-------+-------++-------
Melee: Long sword        |    96 |   151 |   353 |   401 |       |       |       ||  1001
       Headbutt          |    20 |    21 |    80 |   168 |   461 |   509 |   552 ||  1811
       Trident           |       |       |       |    73 |       |       |       ||    73
       Scimitar          |       |       |       |   153 |  1234 |  1530 |  1366 ||  4283
       Whip              |       |       |       |     7 |       |       |       ||     7
 Fire: Hand crossbow     |       |       |       |     2 |       |     6 |       ||     8
       Arbalest          |       |       |       |       |     3 |       |       ||     3
Invok: Heroism           |       |       |     2 |     8 |     8 |    12 |     3 ||    33
       Finesse           |       |       |       |     2 |       |     1 |       ||     3
Evoke: Wand              |       |       |     3 |       |    11 |     5 |     1 ||    20
  Use: Scroll            |       |     1 |    10 |    11 |    12 |    13 |     9 ||    56
       Potion            |       |       |     1 |     4 |     6 |     4 |     1 ||    16
 Stab: Paralysed         |       |       |       |       |     1 |       |       ||     1
       Distracted        |       |       |       |       |       |     1 |       ||     1
  Eat: Chunk             |       |     4 |    13 |    12 |    51 |    42 |    27 ||   149
       Ration            |       |     1 |     1 |     4 |     2 |     7 |     7 ||    22
Armor: Scale mail        |    57 |    52 |    49 |       |       |       |       ||   158
       Plate armour      |       |       |    83 |   314 |   589 |   458 |       ||  1444
       Crystal plate arm |       |       |       |       |       |   512 |   950 ||  1462
Dodge: Dodged            |    31 |    56 |    78 |   183 |   444 |   654 |   525 ||  1971
       Deflected         |       |       |       |       |     1 |    58 |       ||    59
Block: Shield            |    44 |    79 |   227 |   554 |       |       |       ||   904
       Reflection        |       |       |    18 |    19 |    39 |    65 |    88 ||   229
       Buckler           |       |       |       |       |   674 |  1195 |  1061 ||  2930
       Rpst.: Long sword |     9 |    12 |    27 |    23 |       |       |       ||    71
       Scimitar          |       |       |       |     9 |    93 |   118 |   108 ||   328

Table legend:
 A = Non-vault XP
 B = Vault XP
 C = Vault XP percentage of total XP
 D = Non-vault monster count
 E = Vault monster count
 F = Vault count percentage of total count
                 A         B        C        D         E       F
            +---------+---------+-------+---------+---------+-------
      Total |  357339 |  319215 |  47.2 |    1098 |     557 |  33.7
            +---------+---------+-------+---------+---------+-------
        D:1 |      37 |       0 |   0.0 |      22 |       0 |   0.0
        D:2 |     134 |      12 |   8.2 |      23 |       6 |  20.7
        D:3 |     231 |      14 |   5.7 |      20 |       3 |  13.0
        D:4 |     308 |      94 |  23.4 |      13 |       1 |   7.1
        D:5 |     598 |     295 |  33.0 |      26 |       1 |   3.7
        D:6 |     952 |      42 |   4.2 |      24 |       1 |   4.0
        D:7 |    1238 |       0 |   0.0 |      18 |       0 |   0.0
        D:8 |     904 |     751 |  45.4 |      19 |       4 |  17.4
        D:9 |    1661 |       0 |   0.0 |      22 |       0 |   0.0
       D:10 |    5479 |    3316 |  37.7 |      47 |      36 |  43.4
       D:11 |    3998 |       0 |   0.0 |      25 |       0 |   0.0
       D:12 |   10130 |       0 |   0.0 |      41 |       0 |   0.0
       D:13 |    9241 |     252 |   2.7 |      42 |       1 |   2.3
       D:14 |    7937 |    2368 |  23.0 |      20 |       9 |  31.0
       D:15 |   13263 |    2323 |  14.9 |      35 |       3 |   7.9
     Lair:1 |    1737 |    1817 |  51.1 |       7 |       6 |  46.2
     Lair:2 |    7322 |     760 |   9.4 |      34 |       2 |   5.6
     Lair:3 |    2326 |    3488 |  60.0 |       4 |       5 |  55.6
     Lair:4 |    2395 |    2078 |  46.5 |      10 |       3 |  23.1
     Lair:5 |    9100 |    1715 |  15.9 |      28 |       4 |  12.5
     Lair:6 |   17769 |    2767 |  13.5 |      44 |       5 |  10.2
   Shoals:1 |    6547 |    1595 |  19.6 |      14 |       3 |  17.6
   Shoals:2 |   12013 |    9522 |  44.2 |      25 |       4 |  13.8
   Shoals:3 |   16948 |    7561 |  30.8 |      33 |       7 |  17.5
   Shoals:4 |    4328 |   20135 |  82.3 |       8 |      31 |  79.5
   Spider:1 |   22442 |    8294 |  27.0 |      68 |       7 |   9.3
   Spider:2 |   14980 |    4028 |  21.2 |      45 |       8 |  15.1
   Spider:3 |   15208 |   12549 |  45.2 |      48 |      22 |  31.4
   Spider:4 |   15425 |   27193 |  63.8 |      48 |      55 |  53.4
      Orc:1 |    2115 |     130 |   5.8 |      20 |       1 |   4.8
      Orc:2 |    3108 |   12102 |  79.6 |      29 |      78 |  72.9
      Elf:1 |   10942 |    8132 |  42.6 |      17 |      15 |  46.9
      Elf:2 |   26974 |   48092 |  64.1 |      39 |      45 |  53.6
      Elf:3 |   18125 |   27428 |  60.2 |      28 |      20 |  41.7
   Vaults:1 |   34826 |   16012 |  31.5 |      59 |      22 |  27.2
   Vaults:2 |   31304 |   37905 |  54.8 |      55 |      46 |  45.5
   Vaults:3 |   23473 |   26397 |  52.9 |      34 |      35 |  50.7
   Vaults:4 |    1821 |   13479 |  88.1 |       4 |      15 |  78.9
      IceCv |       0 |    8281 | 100.0 |       0 |      24 | 100.0
    Volcano |       0 |    4563 | 100.0 |       0 |      20 | 100.0
   Gauntlet |       0 |    3725 | 100.0 |       0 |       9 | 100.0
            +---------+---------+-------+---------+---------+-------
